 Dungeon Crawl Stone Soup version 0.18.1-48-g4cf74bf (webtiles) character file.

4372 DungeonyCrawlthano the Martial Artist (level 10, -16/70 HPs)
             Began as a Demonspawn Monk on Aug 13, 2016.
             Was an Elder of Okawaru.
             Demolished by an orc knight
             ... wielding a +0 glaive
              (22 damage)
             ... in a bailey.
             The game lasted 00:16:16 (9177 turns).

DungeonyCrawlthano the Martial Artist (DsMo)        Turns: 9177, Time: 00:16:17

Health: -16/70     AC: 10    Str: 12    XL:     10   Next: 13%
Magic:  19/19      EV: 16    Int: 12    God:    Okawaru [****..]
Gold:   204        SH:  0    Dex: 18    Spells: 0 memorised, 9 levels left

rFire  . . .     SeeInvis .       - Unarmed
rCold  . . .     Gourm    .     x - +3 leather armour of the Barnacle {rCorr MP+9}
rNeg   . . .     Faith    .     (no shield)
rPois  .         Spirit   .     (helmet restricted)
rElec  .         Dismiss  .     w - +0 cloak
rCorr  +         Reflect  .     n - +0 pair of gloves
SustAt .         Harm     .     o - +0 pair of boots
MR     .....                    (no amulet)
Stlth  ++........               (no ring)
                                (no ring)

@: drained, not resistant to hostile enchantments, unstealthy
A: horns 2, demonic guardian 1
a: Heroism, Renounce Religion


You were in a bailey.
You worshipped Okawaru.
Okawaru was greatly pleased with you.
You were hungry.

You visited 1 branch of the dungeon, and saw 9 of its levels.
You also visited: Bailey.

You collected 445 gold pieces.
You spent 241 gold pieces at shops.

Inventory:

Armour
 a - a +1 robe
 n - a +0 pair of gloves (worn)
 o - a +0 pair of boots (worn)
 w - a +0 cloak (worn)
 x - the +3 leather armour of the Barnacle (worn) {rCorr MP+9}
   (You bought it in a shop on level 5 of the Dungeon)

   It affects your magic capacity (+9).
   It protects you from acid and corrosion.
Scrolls
 c - a scroll of enchant armour
 d - a scroll of amnesia
 e - 2 scrolls of blinking
 h - 4 scrolls of remove curse
 s - 7 scrolls of teleportation
 t - 4 scrolls of identify
Potions
 b - a potion of berserk rage
 f - 2 potions of cure mutation
 g - 3 potions of agility
 i - 3 potions of heal wounds
 j - 4 potions of curing
 l - 3 potions of ambrosia
 p - a potion of lignification
 z - a potion of haste
Comestibles
 k - 4 beef jerkies
 m - 2 meat rations
 q - 3 slices of pizza
 r - 8 fruits
 v - 2 royal jellies
 A - 2 bread rations


   Skills:
 - Level 3.0(2.7) Fighting
 - Level 5.1(4.9) Armour
 + Level 7.2(7.0) Dodging
 - Level 1.7(1.5) Stealth
 - Level 11.0(10.7) Unarmed Combat


You had 9 spell levels left.
You didn't know any spells.

Dungeon Overview and Level Annotations

Branches:
Dungeon (9/15)             Temple (0/1) D:7            Lair (0/8) D:8
    Orc: D:9-12

Altars:
Elyvilon
Okawaru
Qazlal
Trog

Shops:
D:4 %   D:5 [


Innate Abilities, Weirdness & Mutations

You have a pair of horns on your head.
A weak demonic guardian rushes to your aid.


Message History

You punch the orc knight, but do no damage.
The orc knight is moderately wounded.
The orc knight misses you.
You hit the orc knight. Your punch misses the orc knight.
The orc knight is moderately wounded.
You hit the orc knight.
The orc knight is moderately wounded.
You are feeling hungry.
The orc knight hits you with a glaive!
Your crimson imp blinks!
You hit the orc knight.
The orc knight is moderately wounded.
You hit the orc knight but do no damage.
Your headbutt misses the orc knight.
The orc knight is moderately wounded.
The orc knight hits you with a glaive!!
* * * LOW HITPOINT WARNING * * *
Unknown command.
The orc knight hits you from afar with a glaive!!
You die...

#.≈..##...'#..§≈§≈§≈≈
#.≈≈..##.##.§≈≈.....≈
##.≈≈..#+#..§≈...⌠...
#∩.≈≈..# #.o≈≈oo⌠⌠⌠..
#.≈≈..## #..≈≈oo§..≈
#.≈..## #..≈≈≈§≈≈≈ #.≈.##
#..5.§...
#.≈.#########'###+########
#.≈.....5@.o.## ... ##....
#.≈≈≈≈≈≈≈≈≈≈5.##.∩.##..≈≈≈
#..........≈≈..## ##..≈≈..
##########..≈≈..###..≈≈..#
##..≈≈.....≈≈..##
##..≈≈≈≈≈≈≈..##
##.........## ###########


You could see an orc knight, a friendly iron imp and a friendly crimson imp.

Vanquished Creatures
  Erica (D:8)
  The ghost of DungeonyCrawlthano the Insei, an amateur DsMo (D:4)
  2 hell hounds (D:8)
  2 orc warriors
  5 sky beasts
  2 black bears
  4 phantoms
  2 ice beasts
  2 ogres
  3 centaurs
  2 giant frogs (D:7)
  A wyvern skeleton (D:7)
  2 scorpions
  A howler monkey (D:4)
  An electric eel (D:7)
  5 crimson imps
  A giant frog zombie (D:6)
  4 hounds
  3 orc priests
  A giant frog skeleton (D:4)
  2 jellies
  5 orc wizards
  2 iguanas
  5 worker ants
  2 hound skeletons (D:9)
  A howler monkey zombie (D:5)
  3 worker ant zombies
  5 adders
  3 gnolls
  A shadow imp (D:7)
  6 oozes
  An adder zombie (D:7)
  2 worms
  2 dart slugs
  6 giant geckos
  26 orcs
  2 ball pythons
  5 giant cockroaches
  7 goblins
  9 hobgoblins
  21 jackals
  7 quokkas
  6 bats (D:1)
  4 giant newts
  9 kobolds
  A quokka skeleton (D:4)
  4 rats
  A fungus (D:5)
193 creatures vanquished.

Vanquished Creatures (collateral kills)
  Sigmund (D:4)
  A centaur (D:5)
  A scorpion (D:4)
  An orc priest (D:4)
  An iguana (D:4)
  3 gnolls (D:2)
  5 orcs
  A bat (D:2)
  2 goblins (D:2)
16 creatures vanquished.

Grand Total: 209 creatures vanquished

Notes
Turn   | Place    | Note
--------------------------------------------------------------
     0 | D:1      | DungeonyCrawlthano the Demonspawn Monk began the quest for the Orb.
     0 | D:1      | Reached XP level 1. HP: 18/18 MP: 1/1
   283 | D:1      | Reached skill level 4 in Unarmed Combat
   301 | D:1      | Gained mutation: A weak demonic guardian rushes to your aid. [demonic ancestry]
   301 | D:1      | Reached XP level 2. HP: 22/24 MP: 2/2
   762 | D:1      | Reached XP level 3. HP: 26/29 MP: 3/3
  1101 | D:2      | Reached skill level 5 in Unarmed Combat
  1255 | D:2      | Reached XP level 4. HP: 35/35 MP: 4/4
  2062 | D:3      | Found a white marble altar of Elyvilon.
  2598 | D:4      | Noticed Sigmund
  2608 | D:4      | Reached XP level 5. HP: 37/41 MP: 5/5
  2609 | D:4      | Killed Sigmund
  2609 | D:4      | Reached skill level 6 in Unarmed Combat
  2973 | D:4      | Noticed a water elemental
  2975 | D:4      | Found a stormy altar of Qazlal.
  2979 | D:4      | Gained mutation: You have a pair of small horns on your head. [demonic ancestry]
  2979 | D:4      | Reached XP level 6. HP: 46/47 MP: 6/6
  2990 | D:4      | Found Bituqi's Food Shoppe.
  3010 | D:4      | Reached skill level 7 in Unarmed Combat
  3098 | D:4      | Noticed an air elemental
  3098 | D:4      | Noticed a fire elemental
  3203 | D:4      | Noticed DungeonyCrawlthano's ghost (amateur DsMo)
  3219 | D:4      | Killed DungeonyCrawlthano's ghost
  3219 | D:4      | Reached skill level 8 in Unarmed Combat
  3219 | D:4      | Reached XP level 7. HP: 29/52 MP: 7/7
  3545 | D:5      | Entered Level 5 of the Dungeon
  3843 | D:5      | Found Muiluma's Antique Armour Shoppe.
  3846 | D:5      | Bought an ichor-stained robe for 108 gold pieces
  3846 | D:5      | Bought a distressingly furry leather armour for 133 gold pieces
  3847 | D:5      | Identified the +1 robe of the Kangaroo {Str+8 Int-4 Dex+6} (You bought it in a shop on level 5 of the Dungeon)
  3848 | D:5      | Identified the +3 leather armour of the Barnacle {rCorr MP+9} (You bought it in a shop on level 5 of the Dungeon)
  3929 | D:5      | Reached skill level 9 in Unarmed Combat
  3938 | D:5      | Reached XP level 8. HP: 30/58 MP: 8/8
  4292 | D:5      | Reached skill level 10 in Unarmed Combat
  4559 | D:5      | Found an iron altar of Okawaru.
  4574 | D:5      | Became a worshipper of Warmaster Okawaru
  4574 | D:5      | Reached * piety under Okawaru
  4574 | D:5      | Reached ** piety under Okawaru
  4900 | D:5      | Found a bloodstained altar of Trog.
  5148 | D:5      | Reached skill level 1 in Armour
  5378 | D:6      | Reached XP level 9. HP: 42/63 MP: 9/9
  5806 | D:6      | Reached skill level 5 in Armour
  6213 | D:7      | Reached *** piety under Okawaru
  6213 | D:7      | Reached skill level 11 in Unarmed Combat
  6652 | D:7      | Found a staircase to the Ecumenical Temple.
  6672 | D:7      | Found a white marble altar of Elyvilon.
  7334 | D:8      | Noticed Erica
  7344 | D:8      | Killed Erica
  7344 | D:8      | Reached **** piety under Okawaru
  7675 | D:8      | Found a staircase to the Lair.
  7690 | D:8      | Gained mutation: You have a pair of horns on your head. [demonic ancestry]
  7690 | D:8      | Reached XP level 10. HP: 49/70 MP: 10/10
  8560 | D:9      | Found a flagged portal.
  8675 | Bailey   | Entered a bailey
  9054 | Bailey   | Noticed an orc knight
  9136 | Bailey   | Noticed an orc knight
  9177 | Bailey   | Demolished by an orc knight

Skill      XL: |  1  2  3  4  5  6  7  8  9 10 |
---------------+-------------------------------+-----
Unarmed Combat | 4 5 6 8 9 10 11 | 11.0
Armour         | 4 5 |  5.1
Dodging        | 6 7 |  7.2
Fighting       | |  3.0
Stealth        | |  1.7

Action                   |  1- 3 |  4- 6 |  7- 9 | 10-12 || total
-------------------------+-------+-------+-------+-------++-------
Melee: Unarmed           |   121 |   175 |   337 |    76 ||   709
       Punch             |     1 |     3 |    20 |     5 ||    29
       Headbutt          |       |    11 |    94 |    20 ||   125
Invok: Heroism           |       |       |     3 |     3 ||     6
  Use: Scroll            |     8 |     9 |     6 |     4 ||    27
 Stab: Sleeping          |     5 |     5 |     9 |     1 ||    20
       Distracted        |       |     3 |     2 |     1 ||     6
  Eat: Chunk             |     1 |     6 |    10 |       ||    17
       Bread ration      |       |       |     1 |       ||     1
       Meat ration       |       |       |       |     1 ||     1
Armor: Robe              |    32 |    29 |    38 |       ||    99
       Leather armour    |       |       |    44 |    21 ||    65
Dodge: Dodged            |    96 |   108 |   185 |    93 ||   482
